 Dungeon Sprint DCSS version 0.17.1-2-g5865329 (webtiles) character file.

33683 hexophile the Fencer (level 13, -21/132 HPs)
             Began as a Ghoul Berserker on Jan 27, 2016.
             Was the Champion of Makhleb.
             Demolished by a deep troll (22 damage)
             ... created by the rage of Trog
             ... in the Dungeon (Sprint IX: "|||||||||||||||||||||||||||||").
             The game lasted 00:12:41 (3828 turns).

hexophile the Fencer (Ghoul Berserker)              Turns: 3828, Time: 00:12:41

Health: -21/132    AC: 22    Str: 23    XL:     13   Next: 72%
Magic:  6/6        EV: 13    Int:  3    God:    Makhleb [******]
Gold:   1300       SH:  0    Dex: 10    Spells: 0 memorised, 12 levels left

rFire  + . .     SeeInvis +     v - +5 triple sword (antimagic)
rCold  + + .     Clarity  .     E - +1 chain mail of Minor Irritation {MR+ SInv}
rNeg   + + +     SustAt   .     (shield currently unavailable)
rPois  ∞         Gourm    .     (no helmet)
rElec  .         Spirit   .     z - +0 cloak
rCorr  .         Warding  .     D - +2 pair of gloves of the Zebra {rC+}
rMut   .         NoTele   +     y - +0 pair of boots
MR     +....                    (no amulet)
Stlth  ..........               o - +2 ring of protection
                                u - ring of protection from fire {rF+}

@: rotting, invisible, somewhat resistant to hostile enchantments, extremely
unstealthy
A: rotting body, claws 1, carnivore 3, cold resistance 1, negative energy
resistance 3, slow regeneration 1, torment resistance, unbreathing
a: Minor Destruction, Lesser Servant of Makhleb, Major Destruction, Greater
Servant of Makhleb, Renounce Religion


You were in the Dungeon.
You worshipped Makhleb.
Makhleb was exalted by your worship.
You were not hungry.

You visited 1 branch You collected 1949 gold pieces.
You spent 649 gold pieces at shops.


Innate Abilities, Weirdness & Mutations

Your body is rotting away.
You thrive on raw meat.
You are immune to poison.
You have sharp fingernails.
You are carnivorous and can eat meat at any time.
Your flesh is cold resistant.
You are immune to negative energy.
You regenerate slowly when monsters are visible.
You are immune to unholy pain and torment.
You can survive without breathing.

Inventory:

Hand Weapons
 b - a +10 antimagic great sword
 m - the +2 scimitar "Luida" {flame, *Drain rPois rF+}
   (You found it in the Dungeon)

   It has been specially enchanted to burn those struck by it, causing extra
   injury to most foes and up to half again as much damage against particularly
   susceptible opponents.
   Big, fiery blades are also staple armaments of hydra-hunters.
   It protects you from fire.
   It protects you from poison.
   It causes draining when unequipped.
 v - a +5 antimagic triple sword (weapon)
 A - the +9 demon blade "Biot Fus" {vamp, *Noise +Fly rF+ Stlth+}
   (Trog gifted it to you in the Dungeon)

   It inflicts no extra harm, but heals its wielder somewhat when it strikes a
   living foe.
   It protects you from fire.
   It lets you fly.
   It may make noises in combat.
   It makes you more stealthy.
 B - a +5 triple sword of slicing
Missiles
 q - 5 curare-tipped needles
Armour
 n - a +2 hat
 y - a +0 pair of boots (worn)
 z - a +0 cloak (worn)
 C - the +1 leather armour of Disaster {-Cast rPois rF+ Regen+}
   (You bought it in a shop in the Dungeon)

   It protects you from fire.
   It protects you from poison.
   It prevents spellcasting.
   It increases your rate of regeneration.
 D - the +2 pair of gloves of the Zebra (worn) {rC+}
   (You bought it in a shop in the Dungeon)

   It protects you from cold.
 E - the +1 chain mail of Minor Irritation (worn) {MR+ SInv}
   (You bought it in a shop in the Dungeon)

   It affects your resistance to hostile enchantments.
   It lets you see invisible.
 H - a +3 fire dragon armour {rF++ rC-}
Jewellery
 o - a +2 ring of protection (right hand)
 u - a ring of protection from fire (left hand) {rF+}
 F - an uncursed ring of protection from cold {rC+}
 G - an uncursed ring of see invisible {SInv}
Wands
 a - a wand of fire (1)
Scrolls
 f - 2 scrolls of recharging
 j - a scroll of fear
 l - 2 scrolls of remove curse
 t - 2 scrolls of identify
 K - a scroll of fog
Potions
 d - 8 potions of curing
 e - a potion of heal wounds
 g - 4 potions of magic
 h - a potion of berserk rage
 I - a potion of brilliance {Archmagi Int+5 Wiz++}
 J - a potion of haste
Comestibles
 c - 12 meat rations
 p - 4 chunks of flesh
 r - 12 bread rations
 w - 40 fruits


You had 12 spell levels left.
You didn't know any spells.


   Skills:
 * Level 17.0 Fighting
 * Level 20.2 Long Blades
 + Level 13.4 Armour
 + Level 13.4 Dodging
 * Level 11.5 Invocations

Dungeon Overview and Level Annotations

Branches:
Dungeon (1/1)

Altars:
Cheibriados
Dithmenos
Elyvilon
Fedhas
Gozag
Kikubaaqudgha
Makhleb
Nemelex Xobeh
Okawaru
Qazlal
Ru
Sif Muna
Trog
Vehumet
Xom
Yredelemnul
Zin
The Shining One
Beogh
Jiyva
Lugonu

Shops:
D (![%

Vault maps used:
D:        linesprint
You       could see a deep troll (berserk) and 2 ogres.


Message History

You start resting.
You start resting.
Trog sends monsters to punish you. 2 ogres and a deep troll come into view.
Restored 12 HP.
You have now: 28/132 HP.
Read which item? (? for menu, Esc to quit)
Okay, then.
Drink which item? (? for menu, Esc to quit)
You feel much better.
Restored 22 HP.
You have now: 50/132 HP.
Drink which item? (? for menu, Esc to quit)
You feel much better. The deep troll bites you!! The deep troll misses you.
The deep troll closely misses you.
The ogre barely misses your smoke demon.
Read which item? (? for menu, Esc to quit)
Okay, then.
Restored 9 HP.
You have now: 59/132 HP.
You swap places.
The deep troll closely misses your smoke demon.
The deep troll claws your smoke demon!!
Your smoke demon dies!
The ogre misses you.
The ogre rages.
Unknown command.
You slash the ogre!
The ogre is moderately wounded.
The ogre hits you with a giant spiked club!
* * * LOW HITPOINT WARNING * * *
The deep troll bites you!!
* * * LOW HITPOINT WARNING * * *
The deep troll claws you but does no damage.
The deep troll claws you!
* * * LOW HITPOINT WARNING * * *
!MASSIVE DAMAGE!
YOU LOST 42 HP!
You have now: 17/132 HP.
Drink which item? (? for menu, Esc to quit)
You feel much better.
The deep troll bites you but does no damage.
The deep troll claws you!!
* * * LOW HITPOINT WARNING * * *
The deep troll claws you but does no damage.
The ogre hits you with a giant spiked club!!
* * * LOW HITPOINT WARNING * * *
You lost 16 HP.
You have now: 1/132 HP.
Unknown command.
Unknown command.
Drink which item? (? for menu, Esc to quit)
You fade into invisibility!
The deep troll bites you!!
You die...

Action                   |  1- 3 |  4- 6 |  7- 9 | 10-12 | 13-15 || total
-------------------------+-------+-------+-------+-------+-------++-------
Melee: Falchion          |    38 |       |       |       |       ||    38
       Scimitar          |     9 |    33 |    92 |     5 |       ||   139
       Great sword       |       |       |    15 |   122 |       ||   137
       Demon blade       |       |       |       |   111 |    90 ||   201
       Triple sword      |       |       |       |    82 |    47 ||   129
Invok: Trog's Hand       |     2 |     1 |     4 |     4 |       ||    11
       Brothers in Arms  |       |       |     1 |     5 |       ||     6
       Lesser Servant of |       |       |       |       |     5 ||     5
       Greater Servant o |       |       |       |       |     2 ||     2
Evoke: Wand              |     2 |     1 |     3 |       |       ||     6
  Use: Potion            |       |       |     2 |     1 |     5 ||     8
       Scroll            |       |       |       |     7 |     2 ||     9
  Eat: Chunk             |     1 |       |     7 |    13 |       ||    21
       Meat ration       |       |       |       |     2 |       ||     2

Notes
Turn   | Place    | Note
--------------------------------------------------------------
     0 | D        | hexophile the Ghoul Berserker began the quest for the Orb.
     0 | D        | Reached XP level 1. HP: 19/19 MP: 0/0
     9 | D        | Reached skill level 3 in Long Blades
    17 | D        | Reached ** piety under Trog
    17 | D        | Reached skill level 4 in Fighting
    25 | D        | Reached XP level 2. HP: 12/28 MP: 1/1
   131 | D        | Noticed a crimson imp
   131 | D        | Noticed a phantom
   132 | D        | Reached *** piety under Trog
   148 | D        | Found a glowing silver altar of Zin.
   148 | D        | Found a glowing golden altar of the Shining One.
   148 | D        | Found an ancient bone altar of Kikubaaqudgha.
   148 | D        | Found a basalt altar of Yredelemnul.
   148 | D        | Found a shimmering altar of Xom.
   148 | D        | Found a radiant altar of Vehumet.
   149 | D        | Found an iron altar of Okawaru.
   157 | D        | Found a burning altar of Makhleb.
   159 | D        | Found a deep blue altar of Sif Muna.
   160 | D        | Found a bloodstained altar of Trog.
   161 | D        | Found a sparkling altar of Nemelex Xobeh.
   162 | D        | Found a white marble altar of Elyvilon.
   163 | D        | Found a roughly hewn altar of Beogh.
   164 | D        | Found a viscous altar of Jiyva.
   165 | D        | Found a corrupted altar of Lugonu.
   166 | D        | Found a blossoming altar of Fedhas.
   167 | D        | Found a snail-covered altar of Cheibriados.
   168 | D        | Found a shadowy altar of Dithmenos.
   169 | D        | Found a stormy altar of Qazlal.
   170 | D        | Found an opulent altar of Gozag.
   171 | D        | Found a sacrificial altar of Ru.
   190 | D        | Got the +2 scimitar "Luida" {flame, *Drain rPois rF+}
   215 | D        | Killed a phantom
   215 | D        | Reached skill level 7 in Fighting
   215 | D        | Reached skill level 6 in Long Blades
   215 | D        | Reached XP level 3. HP: 6/39 MP: 2/2
   215 | D        | Reached XP level 4. HP: 7/47 MP: 3/3
   231 | D        | Killed a crimson imp
   231 | D        | Reached skill level 8 in Fighting
   231 | D        | Reached XP level 5. HP: 22/55 MP: 4/4
   339 | D        | Noticed a necrophage
   339 | D        | Noticed a hound
   339 | D        | Noticed a quasit
   339 | D        | Noticed a yak
   339 | D        | Noticed a hippogriff
   339 | D        | Noticed an iguana
   344 | D        | Killed a necrophage
   344 | D        | Reached skill level 9 in Fighting
   344 | D        | Reached skill level 8 in Long Blades
   349 | D        | Killed a hound
   349 | D        | Reached skill level 10 in Fighting
   349 | D        | Reached XP level 6. HP: 60/66 MP: 5/5
   356 | D        | Killed a quasit
   359 | D        | Killed a yak
   359 | D        | Reached **** piety under Trog
   359 | D        | Reached skill level 11 in Fighting
   359 | D        | Reached skill level 9 in Long Blades
   362 | D        | Killed a hippogriff
   362 | D        | Reached skill level 10 in Long Blades
   362 | D        | Reached XP level 7. HP: 43/75 MP: 6/6
   368 | D        | Killed an iguana
   368 | D        | Reached skill level 12 in Fighting
   391 | D        | Noticed a big kobold
   391 | D        | Noticed a tengu warrior
   391 | D        | Noticed a green ugly thing
   391 | D        | Noticed a yak
   391 | D        | Noticed a yak
   394 | D        | Killed a big kobold
   444 | D        | Killed a tengu warrior
   444 | D        | Reached skill level 13 in Fighting
   444 | D        | Reached skill level 11 in Long Blades
   444 | D        | Reached XP level 8. HP: 9/88 MP: 7/7
   457 | D        | Killed a green ugly thing
   457 | D        | Reached skill level 14 in Fighting
   457 | D        | Reached skill level 12 in Long Blades
   462 | D        | Killed a yak
   470 | D        | Killed a yak
   470 | D        | Reached XP level 9. HP: 21/96 MP: 8/8
   638 | D        | Noticed a crocodile
   638 | D        | Noticed a spiny frog
   638 | D        | Noticed a water moccasin
   638 | D        | Noticed a spiny frog
   638 | D        | Noticed a blink frog
   642 | D        | Noticed a wolf
   642 | D        | Killed a crocodile
   642 | D        | Reached ***** piety under Trog
   642 | D        | Reached skill level 15 in Fighting
   643 | D        | Noticed a water moccasin
   645 | D        | Received a gift from Trog
   651 | D        | Noticed a giant frog
   654 | D        | Killed a spiny frog
   654 | D        | Reached skill level 13 in Long Blades
   662 | D        | Killed a water moccasin
   670 | D        | Killed a spiny frog
   670 | D        | Reached skill level 16 in Fighting
   679 | D        | Killed a wolf
   686 | D        | Killed a water moccasin
   686 | D        | Received a gift from Trog
   686 | D        | Reached skill level 14 in Long Blades
   691 | D        | Killed a giant frog
   704 | D        | Killed a blink frog
   874 | D        | Noticed an iguana
   874 | D        | Noticed a giant frog
   874 | D        | Noticed a yak
   874 | D        | Noticed a water moccasin
   874 | D        | Noticed a giant frog
   874 | D        | Noticed a crocodile
   877 | D        | Killed an iguana
   878 | D        | Noticed a water moccasin
   880 | D        | Noticed a crocodile
   880 | D        | Killed a giant frog
   883 | D        | Killed a yak
   889 | D        | Killed a water moccasin
   889 | D        | Reached skill level 2 in Armour
   889 | D        | Reached skill level 2 in Dodging
   889 | D        | Reached XP level 10. HP: 54/107 MP: 3/9
   892 | D        | Killed a giant frog
   892 | D        | Reached ****** piety under Trog
   897 | D        | Killed a crocodile
   897 | D        | Received a gift from Trog
   898 | D        | Killed a water moccasin
   898 | D        | Reached skill level 3 in Dodging
   904 | D        | Killed a crocodile
   904 | D        | Reached skill level 3 in Armour
   975 | D        | Noticed a porcupine
   983 | D        | Killed a porcupine
  1151 | D        | Noticed a vampire mosquito
  1151 | D        | Noticed a vampire mosquito
  1151 | D        | Noticed a giant leech
  1151 | D        | Noticed a blink frog
  1151 | D        | Noticed a blink frog
  1151 | D        | Noticed a blink frog
  1153 | D        | Noticed a giant frog
  1156 | D        | Noticed a giant leech
  1160 | D        | Killed a vampire mosquito
  1164 | D        | Killed a vampire mosquito
  1164 | D        | Reached skill level 4 in Armour
  1164 | D        | Reached skill level 4 in Dodging
  1168 | D        | Killed a giant leech
  1169 | D        | Killed a giant frog
  1174 | D        | Killed a blink frog
  1177 | D        | Killed a giant leech
  1177 | D        | Received a gift from Trog
  1182 | D        | Killed a blink frog
  1182 | D        | Reached skill level 15 in Long Blades
  1182 | D        | Reached skill level 5 in Armour
  1182 | D        | Reached skill level 5 in Dodging
  1186 | D        | Killed a blink frog
  1296 | D        | Noticed Eustachio
  1310 | D        | Killed Eustachio
  1337 | D        | Noticed an orc wizard
  1337 | D        | Noticed an orc wizard
  1337 | D        | Noticed an orc wizard
  1339 | D        | Noticed an orc wizard
  1341 | D        | Killed an orc wizard
  1345 | D        | Killed an orc wizard
  1347 | D        | Noticed an orc wizard
  1347 | D        | Killed an orc wizard
  1348 | D        | Killed an orc wizard
  1350 | D        | Noticed an orc high priest
  1351 | D        | Received a gift from Trog
  1355 | D        | Noticed an orc wizard
  1360 | D        | Killed an orc wizard
  1376 | D        | Killed an orc high priest
  1376 | D        | Reached skill level 6 in Armour
  1376 | D        | Reached skill level 6 in Dodging
  1386 | D        | Killed an orc wizard
  1386 | D        | Received a gift from Trog
  1435 | D        | Noticed an orc warrior
  1435 | D        | Noticed an orc warrior
  1435 | D        | Noticed an orc knight
  1435 | D        | Noticed an orc warrior
  1435 | D        | Noticed an orc sorcerer
  1436 | D        | Noticed an orc warrior
  1453 | D        | Killed an orc knight
  1456 | D        | Killed an orc sorcerer
  1456 | D        | Received a gift from Trog
  1458 | D        | Killed an orc warrior
  1459 | D        | Killed an orc warrior
  1459 | D        | Reached skill level 7 in Armour
  1460 | D        | Noticed an orc warrior
  1461 | D        | Killed an orc warrior
  1465 | D        | Noticed an orc warrior
  1467 | D        | Noticed an orc wizard
  1468 | D        | Killed an orc warrior
  1468 | D        | Reached skill level 7 in Dodging
  1468 | D        | Killed an orc warrior
  1479 | D        | Killed an orc warrior
  1484 | D        | Killed an orc wizard
  1486 | D        | Received a gift from Trog
  1613 | D        | Noticed an orc wizard
  1617 | D        | Killed an orc wizard
  1623 | D        | Found Ijisoytu's Weapon Emporium.
  1623 | D        | Noticed an ogre
  1623 | D        | Noticed a two-headed ogre
  1623 | D        | Noticed a two-headed ogre
  1623 | D        | Noticed an ogre
  1623 | D        | Noticed an ogre
  1632 | D        | Noticed an ogre mage
  1632 | D        | Killed a two-headed ogre
  1632 | D        | Reached XP level 11. HP: 109/114 MP: 3/10
  1636 | D        | Killed a two-headed ogre
  1637 | D        | Killed an ogre
  1637 | D        | Received a gift from Trog
  1638 | D        | Noticed a two-headed ogre
  1643 | D        | Got a pitted demon blade {god gift}
  1650 | D        | Killed an ogre mage
  1650 | D        | Reached skill level 8 in Armour
  1650 | D        | Reached skill level 8 in Dodging
  1651 | D        | Killed an ogre
  1653 | D        | Killed a two-headed ogre
  1653 | D        | Reached skill level 16 in Long Blades
  1657 | D        | Killed an ogre
  1657 | D        | Received a gift from Trog
  1665 | D        | Identified the +9 demon blade "Biot Fus" {vamp, *Noise +Fly rF+ Stlth+} (Trog gifted it to you in the Dungeon)
  1674 | D        | Found Initezao's Distillery.
  1678 | D        | Found Lianoxtu's Antique Armour Emporium.
  1680 | D        | Noticed an ogre
  1681 | D        | Found Yrierph's Food Shoppe.
  1681 | D        | Noticed an ogre
  1682 | D        | Noticed an ogre
  1683 | D        | Noticed an ogre mage
  1685 | D        | Killed an ogre
  1688 | D        | Killed an ogre
  1690 | D        | Killed an ogre
  1691 | D        | Noticed an ogre mage
  1694 | D        | Noticed an ogre
  1695 | D        | Killed an ogre mage
  1702 | D        | Killed an ogre mage
  1702 | D        | Reached skill level 9 in Armour
  1702 | D        | Reached skill level 9 in Dodging
  1707 | D        | Killed an ogre
  1743 | D        | Bought a faintly humming leather armour for 175 gold pieces
  1743 | D        | Bought a pair of warped gloves for 237 gold pieces
  1743 | D        | Bought a brightly glowing chain mail for 237 gold pieces
  1753 | D        | Identified the cursed +1 chain mail of Minor Irritation {MR+ SInv} (You bought it in a shop in the Dungeon)
  1764 | D        | Identified the +2 pair of gloves of the Zebra {rC+} (You bought it in a shop in the Dungeon)
  1774 | D        | Identified the +1 leather armour of Disaster {-Cast rPois rF+ Regen+} (You bought it in a shop in the Dungeon)
  1853 | D        | Noticed Psyche
  1854 | D        | Noticed Sonja
  1858 | D        | Killed Psyche
  1858 | D        | Received a gift from Trog
  1861 | D        | Killed Sonja
  1874 | D        | Noticed Erolcha
  1878 | D        | Paralysed by Erolcha for 3 turns
  1884 | D        | Killed Erolcha
  1884 | D        | Reached skill level 10 in Armour
  1884 | D        | Reached skill level 10 in Dodging
  1911 | D        | Noticed a wolf
  1912 | D        | Noticed Grum
  1913 | D        | Noticed a wolf
  1915 | D        | Killed a wolf
  1922 | D        | Killed Grum
  1922 | D        | Received a gift from Trog
  1923 | D        | Killed a wolf
  2000 | D        | Got the +2 robe of the Enchanted Forest {rPois rC+ Int+4}
  2031 | D        | Noticed an unseen horror
  2031 | D        | Noticed an efreet
  2031 | D        | Noticed a manticore
  2031 | D        | Noticed a wasp
  2031 | D        | Noticed a hungry ghost
  2033 | D        | Killed an unseen horror
  2034 | D        | Noticed a jelly
  2038 | D        | Noticed a mottled dragon
  2038 | D        | Killed an efreet
  2038 | D        | Reached skill level 17 in Long Blades
  2041 | D        | Killed a manticore
  2042 | D        | Killed a wasp
  2044 | D        | Noticed a tengu warrior
  2044 | D        | Killed a hungry ghost
  2046 | D        | Killed a jelly
  2046 | D        | Received a gift from Trog
  2047 | D        | Noticed a deep troll shaman
  2048 | D        | Noticed a giant orange brain
  2050 | D        | Noticed a white very ugly thing
  2050 | D        | Killed a mottled dragon
  2052 | D        | Noticed a giant orange brain
  2054 | D        | Killed a tengu warrior
  2054 | D        | Reached XP level 12. HP: 36/123 MP: 11/11
  2140 | D        | Killed a white very ugly thing
  2140 | D        | Reached skill level 11 in Armour
  2140 | D        | Reached skill level 11 in Dodging
  2490 | D        | Fell from the grace of Trog
  2490 | D        | Became a worshipper of Makhleb the Destroyer
  2877 | D        | Killed a deep troll shaman
  2885 | D        | Killed a giant orange brain
  2885 | D        | Reached * piety under Makhleb
  2964 | D        | Killed a giant orange brain
  2964 | D        | Reached skill level 18 in Long Blades
  2967 | D        | Noticed a centaur warrior
  2968 | D        | Noticed a yak
  2976 | D        | Killed a centaur warrior
  2976 | D        | Reached ** piety under Makhleb
  2977 | D        | Killed a yak
  3007 | D        | Noticed Maurice
  3023 | D        | Killed Maurice
  3103 | D        | Noticed a ghost crab
  3103 | D        | Noticed a bog body
  3103 | D        | Noticed a slime creature
  3103 | D        | Noticed a spriggan rider
  3103 | D        | Noticed a bog body
  3103 | D        | Noticed a swamp dragon
  3104 | D        | Noticed a giant leech
  3110 | D        | Killed a ghost crab
  3110 | D        | Reached *** piety under Makhleb
  3111 | D        | Noticed a spriggan druid
  3113 | D        | Killed a bog body
  3115 | D        | Killed a slime creature
  3116 | D        | Noticed a hornet
  3121 | D        | Killed a wasp
  3124 | D        | Killed a spriggan
  3124 | D        | Reached **** piety under Makhleb
  3125 | D        | Killed a bog body
  3198 | D        | Noticed a four-headed hydra
  3207 | D        | Killed a one-headed hydra
  3207 | D        | Reached skill level 12 in Armour
  3207 | D        | Reached skill level 12 in Dodging
  3207 | D        | Reached skill level 2 in Invocations
  3211 | D        | Killed a swamp dragon
  3211 | D        | Reached ***** piety under Makhleb
  3211 | D        | Reached skill level 3 in Invocations
  3226 | D        | Killed a giant leech
  3235 | D        | Killed a spriggan druid
  3235 | D        | Reached skill level 4 in Invocations
  3302 | D        | Killed a hornet
  3314 | D        | Noticed a water elemental
  3315 | D        | Noticed a merfolk avatar
  3321 | D        | Noticed a sea snake
  3321 | D        | Killed a water elemental
  3322 | D        | Noticed a centaur
  3332 | D        | Killed a merfolk avatar
  3332 | D        | Reached skill level 5 in Invocations
  3340 | D        | Killed a sea snake
  3340 | D        | Reached skill level 19 in Long Blades
  3347 | D        | Killed a centaur
  3347 | D        | Reached skill level 6 in Invocations
  3359 | D        | Noticed a tarantella
  3359 | D        | Noticed a demonic crawler
  3359 | D        | Noticed a demonic crawler
  3359 | D        | Noticed a redback
  3359 | D        | Noticed a spider
  3359 | D        | Noticed an emperor scorpion
  3363 | D        | Noticed a hornet
  3364 | D        | Killed a tarantella
  3364 | D        | Reached ****** piety under Makhleb
  3370 | D        | Killed a demonic crawler
  3371 | D        | Noticed a spider
  3378 | D        | Noticed a redback
  3378 | D        | Killed a demonic crawler
  3378 | D        | Reached XP level 13. HP: 130/130 MP: 16/16
  3380 | D        | Killed a redback
  3385 | D        | Killed a spider
  3406 | D        | Killed an emperor scorpion
  3406 | D        | Reached skill level 7 in Invocations
  3408 | D        | Killed a hornet
  3410 | D        | Killed a spider
  3414 | D        | Killed a redback
  3438 | D        | Noticed a naga sharpshooter
  3438 | D        | Noticed a naga mage
  3438 | D        | Noticed a naga mage
  3438 | D        | Noticed a black mamba
  3438 | D        | Noticed a naga mage
  3438 | D        | Noticed a salamander mystic
  3439 | D        | Noticed a guardian serpent
  3446 | D        | Killed a naga sharpshooter
  3446 | D        | Reached skill level 8 in Invocations
  3447 | D        | Noticed a naga warrior
  3454 | D        | Killed a naga mage
  3455 | D        | Noticed a naga ritualist
  3458 | D        | Killed a naga mage
  3462 | D        | Killed a naga mage
  3468 | D        | Killed a salamander mystic
  3468 | D        | Reached skill level 9 in Invocations
  3472 | D        | Killed a black mamba
  3480 | D        | Killed a guardian serpent
  3494 | D        | Killed a naga warrior
  3494 | D        | Reached skill level 13 in Armour
  3494 | D        | Reached skill level 13 in Dodging
  3498 | D        | Killed a naga ritualist
  3544 | D        | Noticed a sea snake
  3555 | D        | Killed a sea snake
  3555 | D        | Reached skill level 10 in Invocations
  3582 | D        | Noticed a sea snake
  3588 | D        | Killed a sea snake
  3603 | D        | Noticed a swamp dragon
  3609 | D        | Killed a swamp dragon
  3613 | D        | Noticed a swamp dragon
  3616 | D        | Noticed a snapping turtle
  3620 | D        | Killed a swamp dragon
  3620 | D        | Reached skill level 20 in Long Blades
  3626 | D        | Killed a snapping turtle
  3646 | D        | Noticed a tengu reaver
  3646 | D        | Noticed a fire dragon
  3646 | D        | Noticed a lich
  3646 | D        | Noticed an ettin
  3646 | D        | Noticed a great orb of eyes
  3646 | D        | Noticed a vampire knight
  3649 | D        | Noticed a tengu warrior
  3664 | D        | Noticed a spriggan berserker
  3671 | D        | Killed a tengu reaver
  3671 | D        | Reached skill level 11 in Invocations
  3673 | D        | Killed a vampire knight
  3682 | D        | Killed a lich
  3682 | D        | Reached skill level 17 in Fighting
  3696 | D        | HP: 3/131 [fire dragon/blast of flame (24)]
  3700 | D        | Killed a fire dragon
  3827 | D        | HP: 1/132 [ogre/giant spiked club[the rage of Trog] (22)]
  3828 | D        | Demolished by a deep troll

Table legend:
 A = Turns spent in this place as a percentage of turns spent in the entire game.
 B = Non-inter-level travel turns spent in this place as a percentage of non-inter-level travel turns spent in the entire game.
 C = Inter-level travel turns spent in this place as a percentage of turns spent in this place.
 D = Turns resting spent in this place as a percentage of non-inter-level travel turns spent in this place.
 E = Turns spent auto-exploring this place as a percentage of non-inter-level travel turns spent in this place.
 F = Non-inter-level travel turns spent in this place divided by the number of levels of this place that you've seen.
                   A       B       C       D       E      F
               +-------+-------+-------+-------+-------+----------------------
         Total | 100.0 | 100.0 |   0.2 |   1.4 |   1.2 | 1953.0
       Dungeon | 100.0 | 100.0 |   0.2 |   1.4 |   1.2 | 1953.0
               +-------+-------+-------+-------+-------+----------------------

Table legend:
 A = Kills in this place as a percentage of kills in entire the game.
 B = Kills by you in this place as a percentage of kills by you in the entire game.
 C = Kills by friends in this place as a percentage of kills by friends in the entire game.
 D = Other kills in this place as a percentage of other kills in the entire game.
 E = Experience gained in this place as a percentage of experience gained in the entire game.
 F = Experience gained in this place divided by the number of levels of this place that you have seen.
                   A       B       C       D       E      F
               +-------+-------+-------+-------+-------+----------------------
         Total | 100.0 | 100.0 | 100.0 |  -nan | 100.0 | 48119.0
       Dungeon | 100.0 | 100.0 | 100.0 |  -nan | 100.0 | 48119.0
               +-------+-------+-------+-------+-------+----------------------

Vanquished Creatures
  An emperor scorpion (D)
  A very ugly thing (D)
  Erolcha (D)
  A ghost crab (D)
  A hydra (D)
  A naga warrior (D)
  A centaur warrior (D)
  A merfolk avatar (D)
  3 ogre magi (D)
  A deep troll shaman (D)
  A naga sharpshooter (D)
  An orc high priest (D)
  A tengu warrior (D)
  Sonja (D)
  An unseen horror (D)
  A salamander mystic (D)
  3 sea snakes (D)
  2 giant orange brains (D)
  A spriggan druid (D)
  A naga ritualist (D)
  3 swamp dragons (D)
  A manticore (D)
  2 hornets (D)
  An ugly thing (D)
  3 naga magi (D)
  Maurice (D)
  A black mamba (D)
  2 spiny frogs (D)
  Psyche (D)
  A guardian serpent (D)
  An efreet (D)
  2 demonic crawlers (D)
  A polar bear (D)
  A giant leech (D)
  A slime creature (D)
  2 blink frogs (D)
  2 bog bodies (D)
  A snapping turtle (D)
  3 two-headed ogres (D)
  2 redbacks (D)
  A tarantella (D)
  A yak (shapeshifter) (D)
  Eustachio (D)
  A spriggan (D)
  A water elemental (D)
  A mottled dragon (D)
  Grum (D)
  4 yaks (D)
  A hungry ghost (D)
  2 vampire mosquitoes (D)
  4 water moccasins (D)
  A hippogriff (D)
  3 wolves (D)
  2 spiders (D)
  2 wasps (D)
  A porcupine (D)
  A necrophage (D)
  A phantom (D)
  7 ogres (D)
  3 crocodiles (D)
  A big kobold (D)
  A centaur (D)
  3 giant frogs (D)
  A crimson imp (D)
  A quasit (D)
  A hound (D)
  2 iguanas (D)
  A jelly (D)
  8 orc wizards (D)
  A river rat (D)
  A giant gecko (D)
  8 orcs (D)
  2 bats (D)
  A bat zombie (D)
  A giant cockroach (D)
  A ball python (D)
  A giant cockroach zombie (D)
  A quokka zombie (D)
  A rat (D)
133 creatures vanquished.

Vanquished Creatures (collateral kills)
  A lich (D)
  A tengu reaver (D)
  A vampire knight (D)
  A fire dragon (D)
  A tengu warrior (D)
  An orc knight (D)
  An orc sorcerer (D)
  2 giant leeches (D)
  2 blink frogs (D)
  6 orc warriors (D)
  A giant frog (D)
  An orc (D)
19 creatures vanquished.

Grand Total: 152 creatures vanquished
